AoeStats
← Proverbial Monkey

Lombardia

508801567Analyzed
3v3 RM · 9d ago on Sep 24, 2026· 89m 31s· 6 players
Game mode
Random Map
Map size
Normal (6 player)
Population
200
Speed
Normal
Resources
Standard
Victory
Conquest
Starting age
Dark Age
Ending age
Imperial Age
RankedLock teamsTeams togetherTeam positionsShared explorationLock speedFull tech treeHidden civsTurbo modeCheats
Victory
Defeat
🇺🇸 Berbers · United States
855
+13
🇨🇳 Italians · China
830
+14
🇨🇳 Burgundians · China
807
+32
🇲🇽 Inca · Mexico
807
-15
🇲🇽 Shu · Mexico
791
-14
🇲🇽 Saracens · Mexico
739
-12
cold hand
8:25 Double-Bit Axe
11:46 Feudal Age
10:29 Loom
11:14 Horse Collar
17:19 Scale Barding Armor
17:25 Forging
19:46 Fletching
22:41 Castle Age
21:17 Bow Saw
21:03 Stone Mining
21:55 Town Watch
22:04 Gold Mining
23:55 Wheelbarrow
23:50 Heavy Plow
24:55 Two-Man Saw
25:05 Chain Barding Armor
25:18 Husbandry
28:07 Cavalier
30:06 Iron Casting
34:25 Herbal Medicine
34:32 Devotion
39:14 Imperial Age
37:01 Hand Cart
38:13 Bodkin Arrow
40:49 Stone Shaft Mining
40:53 Gold Shaft Mining
40:50 Crop Rotation
40:31 Paladin
41:50 Plate Barding Armor
42:16 Blast Furnace
41:16 Padded Archer Armor
42:46 Chemistry
46:45 Caravan
47:53 Leather Archer Armor
47:46 Bracer
51:43 Conscription
55:15 Light Cavalry
62:36 Hussar
64:03 Treadmill Crane
64:45 Ballistics
64:38 Masonry
aszsgs
2:12 Loom
10:43 Feudal Age
12:51 Double-Bit Axe
15:41 Wheelbarrow
15:41 Horse Collar
18:16 Gold Mining
21:34 Castle Age
20:19 Bloodlines
22:26 Husbandry
23:02 Bow Saw
23:34 Heavy Plow
26:44 Scale Barding Armor
26:49 Forging
29:50 Chain Barding Armor
30:07 Iron Casting
31:28 Hand Cart
32:47 Stone Mining
39:54 Imperial Age
38:26 Fletching
38:37 Padded Archer Armor
40:17 Bodkin Arrow
40:38 Leather Archer Armor
40:05 Elite Genoese Crossbowman
42:59 Ballistics
43:40 Chemistry
43:53 Elite Genoese Crossbowman
45:15 Bracer
45:46 Ring Archer Armor
45:52 Conscription
45:41 Elite Skirmisher
46:27 Thumb Ring
47:42 Stone Shaft Mining
49:55 Conscription
57:55 Two-Man Saw
57:34 Caravan
66:22 Bombard Tower
70:25 Cavalier
Encore
11:26 Feudal Age
11:54 Double-Bit Axe
13:38 Horse Collar
14:57 Wheelbarrow
20:14 Castle Age
18:56 Gold Mining
21:05 Bow Saw
20:57 Heavy Plow
21:10 Bloodlines
22:35 Scale Barding Armor
24:16 Forging
27:37 Husbandry
28:55 Hand Cart
32:03 Fletching
32:35 Chain Barding Armor
34:21 Bodkin Arrow
34:25 Treadmill Crane
38:32 Imperial Age
35:50 Town Watch
37:10 Iron Casting
37:15 Murder Holes
39:13 Gold Shaft Mining
39:53 Scale Mail Armor
40:09 Pikeman
41:27 Heavy Camel Rider
44:48 Conscription
44:29 Maghrebi Camels
46:04 Squires
47:07 Blast Furnace
46:44 Plate Barding Armor
49:44 Caravan
50:49 Chain Mail Armor
50:55 Light Cavalry
53:06 Chemistry
52:18 Masonry
52:48 Padded Archer Armor
52:49 Bracer
52:24 Hussar
55:05 Leather Archer Armor
57:46 Arson
58:37 Elite Genitour
61:27 Ballistics
61:13 Siege Engineers
61:27 Kasbah
66:03 Town Patrol
65:50 Loom
67:04 Hoardings
69:33 Elite Skirmisher
74:06 Ring Archer Armor
74:07 Plate Mail Armor
77:38 Guilds
77:59 Coinage
Party Nando
11:01 Feudal Age
13:30 Loom
13:49 Horse Collar
13:56 Double-Bit Axe
14:37 Gold Mining
22:05 Castle Age
20:16 Fletching
23:09 Crossbowman
24:52 Thumb Ring
25:10 Bodkin Arrow
25:18 Padded Archer Armor
24:45 Pikeman
28:18 Elite Skirmisher
29:20 Heavy Plow
30:16 Leather Archer Armor
35:43 Imperial Age
40:15 Bow Saw
39:59 Halberdier
43:43 Elite White Feather Guard
46:04 Squires
49:50 Bolt Magazine
62:14 Heavy Hei Guang Cavalry
64:34 Forging
64:31 Scale Barding Armor
66:08 Ballistics
65:55 Bracer
66:26 Ring Archer Armor
70:47 Light Cavalry
71:52 Chain Barding Armor
76:01 Plate Barding Armor
84:59 Scale Mail Armor
86:35 Heavy Cavalry Archer
TeGoat95
10:48 Feudal Age
11:17 Double-Bit Axe
11:46 Horse Collar
18:44 Castle Age
21:12 Stone Mining
25:21 Wheelbarrow
31:13 Forging
31:09 Scale Barding Armor
34:57 Imperial Age
34:25 Caravan
35:26 Iron Casting
35:13 Chain Barding Armor
36:54 Elite Mameluke
40:59 Blast Furnace
40:36 Plate Barding Armor
44:04 Ballistics
59:53 Counterweights
64:14 Light Cavalry
65:05 Bloodlines
64:55 Husbandry
65:01 Hussar
66:26 Conscription
77:17 Hand Cart
Proverbial Monkey
7:48 Loom
11:14 Feudal Age
11:53 Champi Runner
13:09 Arson
14:30 Double-Bit Axe
16:00 Scale Mail Armor
23:53 Castle Age
24:26 Forging
24:32 Champi Warrior
28:28 Wheelbarrow
33:26 Horse Collar
36:58 Imperial Age
36:29 Bow Saw
38:16 Gold Mining
38:28 Heavy Plow
41:28 Pikeman
44:06 Halberdier
44:46 Squires
46:23 Hand Cart
49:06 Caravan
49:29 Elite Skirmisher
50:15 Thumb Ring
50:15 Elite Kamayuk
52:39 Fletching
52:50 Padded Archer Armor
53:07 Chain Mail Armor
52:58 Padded Archer Armor
53:34 Iron Casting
53:27 Bodkin Arrow
67:08 Conscription
77:49 Crossbowman
81:03 Plate Mail Armor
81:34 Blast Furnace
80:35 Bracer
80:53 Leather Archer Armor
Connection lost

Rejoining the realm…

Still unreachable

The connection could not be restored.

Session expired

The server has moved on; the page needs a fresh start.